Stars vs Oilers

Created - January 4, 2024 at 23:24

Goals
1 2 3 T
Stars 0 1 2 3
Oilers 1 2 2 5
Shots
1 2 3 T
Stars 11 10 10 31
Oilers 13 13 14 40

1st period

1. Oilers , Jake Virtanen 6 (Frederik Gauthier 7) at 14:58

Penalties :
Brian Lee (Dal) for Tripping (Minor) at 3:24, Cam Atkinson (Dal) for Holding (Minor) at 12:51

2nd period

2. Oilers , Connor McDavid 19 (Kyle Clifford 17, Connor Brown 25) at 9:00
3. Oilers , Connor Brown 10 (Connor McDavid 14, Kyle Clifford 18) at 14:49
4. Stars , Scott Kosmachuck 4 (Tobias Rieder 8, Tyler Wotherspoon 3) at 17:58

Penalties :
Michael Grabner (Dal) for Holding Stick (Minor) at 9:03, Darnell Nurse (Edm) for Hooking (Minor) at 10:20, Brady Skjei (Edm) for High sticking (Minor) at 15:08

3rd period

5. Stars , Andrew Ladd 9 (Evgeny Grachev 11, Andrej Sustr 11) at 6:07 (PP)
6. Oilers , Connor McDavid 20 (Kyle Clifford 19, Connor Brown 26) at 6:59
7. Stars , Cam Atkinson 7 (Andrej Sustr 12, Jonathan Drouin 16) at 10:05
8. Oilers , Mattias Ekholm 1 (Marcus Pettersson 8) at 19:51 (Empty Net)

Penalties :
Connor Brown (Edm) for Interference (Minor) at 5:30, Michael Grabner (Dal) for Slashing (Minor) at 10:14, Timo Meier (Edm) for Tripping (Minor) at 14:06

Goalie Stats

Matt Murray (Dal), 35 saves from 39 shots - (0.897), L, 13-7-2, 59:02 minutes
Mikko Koskinen (Edm), 28 saves from 31 shots - (0.903), W, 5-3-0, 60:00 minutes

Players Stats for Stars

Player Name              G  A  P  +/- PIM S  H  SB GA TA FO     MP     PP MP  PK MP  
------------------------------------------------------------------------------------
Alex Chiasson            0  0  0   0  0   4  0  0  0  0  0/3    16:07   2:38   0:00 
Andrej Sustr             0  2  2  -1  0   1  4  1  1  0  0/0    30:10   3:09   4:07 
Andrew Ladd              1  0  1   0  0   3  2  1  1  0  0/0    18:57   2:39   2:45 
Anton Cederholm          0  0  0  -2  0   1  0  0  0  1  0/0    10:00   0:00   0:07 
Ben Chiarot              0  0  0   0  0   0  0  1  0  0  0/0    19:50   2:43   3:00 
Brian Lee                0  0  0   0  2   4  2  1  0  2  0/0    18:54   2:43   2:04 
Cam Atkinson             1  0  1  -3  2   1  1  0  0  0  0/1    10:12   0:00   0:00 
Evgeny Grachev           0  1  1   0  0   4  0  0  1  0  5/20   18:40   2:38   2:40 
Evgeny Kuznetsov         0  0  0  -2  0   0  1  1  0  0  1/5     9:17   0:00   0:07 
Guillaume Latendresse    0  0  0  -1  0   2  2  0  1  2  0/0    24:52   3:07   4:22 
Henrik Borgstrom         0  0  0   1  0   1  0  0  0  0  1/4     5:40   0:00   0:00 
John Tavares             0  0  0  -1  0   1  3  1  0  0  16/39  24:55   3:08   4:22 
Jonathan Drouin          0  1  1  -3  0   2  0  0  0  0  0/0    10:53   0:09   0:12 
Michael Grabner          0  0  0  -1  4   2  1  0  1  0  1/1    19:55   3:14   0:00 
Paul Ladue               0  0  0  -1  0   0  0  7  0  2  0/0    30:10   3:09   4:07 
Scott Kosmachuck         1  0  1   1  0   3  1  0  0  0  0/0     5:40   0:00   0:00 
Tobias Rieder            0  1  1   0  0   1  1  0  0  1  0/0     6:51   0:03   0:00 
Tyler Wotherspoon        0  1  1  -2  0   1  1  0  0  0  0/0    10:57   0:00   1:03 

Players Stats for Oilers

Player Name              G  A  P  +/- PIM S  H  SB GA TA FO     MP     PP MP  PK MP  
------------------------------------------------------------------------------------
Anton Slepyshev          0  0  0   1  0   2  1  0  0  0  0/0    10:55   0:00   1:21 
Brady Skjei              0  0  0   2  2   0  1  0  0  0  0/0    25:54   4:29   2:31 
Cam Barker               0  0  0   1  0   2  0  0  0  0  0/0    20:57   2:45   2:03 
Connor Brown             1  2  3   4  2   2  2  0  0  0  0/2    20:46   4:23   0:00 
Connor McDavid           2  1  3   4  0   3  2  1  4  0  27/44  24:06   4:23   3:05 
Dalton Prout             0  0  0   0  0   1  0  0  0  2  0/0    17:46   0:00   2:47 
Darnell Nurse            0  0  0   3  2   0  3  3  1  1  0/0    25:24   2:44   3:08 
Frederik Gauthier        0  1  1   0  0   4  0  0  0  0  6/7    12:04   0:00   1:02 
Jake Virtanen            1  0  1   0  0   2  0  0  0  0  0/0     9:52   0:00   0:00 
Kyle Clifford            0  3  3   3  0   6  2  0  0  2  2/2    22:46   2:51   2:58 
Leon Draisaitl           0  0  0  -1  0   2  0  0  0  0  10/13  16:25   4:23   1:22 
Marcus Pettersson        0  1  1   0  0   3  0  3  0  0  0/0    18:10   4:29   1:15 
Mark Jankowski           0  0  0   0  0   0  1  0  1  0  3/4     7:46   0:00   0:00 
Mattias Ekholm           1  0  1   0  0   2  1  2  0  0  0/0    12:08   0:00   0:00 
Ryan Nugent-Hopkins      0  0  0  -1  0   5  0  0  0  0  1/1    16:06   2:51   1:56 
Timo Meier               0  0  0  -1  2   3  1  1  0  0  0/0    14:29   2:51   0:00 
Tyler Bertuzzi           0  0  0   0  0   1  0  0  1  0  0/0     9:43   0:00   0:00 
Zach Hyman               0  0  0   0  0   2  1  0  1  0  0/0     8:05   0:00   0:00 

3 Stars

1 - Connor McDavid (Edm)
2 - Connor Brown (Edm)
3 - Kyle Clifford (Edm)

Power Play

Stars - 1 on 4 Attempt(s) - 25.00%
Oilers - 0 on 4 Attempt(s) - 0.00%

Penalty Kill

Stars - 4 on 4 Attempt(s) - 100.00% - Score 0 goal in Penalty Kill
Oilers - 3 on 4 Attempt(s) - 75.00% - Score 0 goal in Penalty Kill

Team Stat

Stars - Hits : 19 - Faceoff Wins : 24 - Blocked Shots : 13 - Penalty Minutes : 8
Oilers - Hits : 15 - Faceoff Wins : 49 - Blocked Shots : 10 - Penalty Minutes : 8

Official

Referees : Corey Syvret and Brian Pochmara
Linesman : Travis Toomey and Jonny Murray

Game Notes

Mattias Ekholm has scored in a empty net!

Finance

Level 1 -- Attendance: 6000 (100.00%) -- Ticket Income $600,000
Level 2 -- Attendance: 5000 (100.00%) -- Ticket Income $300,000
Level 3 -- Attendance: 1902 (95.10%) -- Ticket Income $66,570
Level 4 -- Attendance: 3893 (97.33%) -- Ticket Income $97,325
Luxury Box -- Attendance: 1000 (100.00%) -- Ticket Income $200,000
Game was played at the Rodgers Place.
Total Attendance: 17795 (98.86%)
Total Ticket Income: $1,263,895
Other Income: $189,584
Total Income: $1,453,479

Stars

5 vs 5 Forward 
   Center                   Left Wing                Right Wing               Time % Phy DF OF 
 1 John Tavares             Guillaume Latendresse    Michael Grabner          40     1   2  2  
 2 Evgeny Grachev           Andrew Ladd              Alex Chiasson            30     1   2  2  
 3 Evgeny Kuznetsov         Jonathan Drouin          Cam Atkinson             20     1   2  2  
 4 Henrik Borgstrom         Tobias Rieder            Scott Kosmachuck         10     1   2  2  

5 vs 5 Defense 
   Defense                  Defense                                           Time % Phy DF OF 
 1 Andrej Sustr             Paul Ladue                                        40     1   2  2  
 2 Ben Chiarot              Brian Lee                                         30     1   2  2  
 3 Tyler Wotherspoon        Anton Cederholm                                   20     1   2  2  
 4 Andrej Sustr             Paul Ladue                                        10     1   2  2  

PowerPlay Forward 
   Center                   Left Wing                Right Wing               Time % Phy DF OF 
 1 John Tavares             Guillaume Latendresse    Michael Grabner          60     0   2  3  
 2 Evgeny Grachev           Andrew Ladd              Alex Chiasson            40     0   2  3  

PowerPlay Defense
   Defense                  Defense                                           Time % Phy DF OF 
 1 Andrej Sustr             Paul Ladue                                        60     1   2  2  
 2 Ben Chiarot              Brian Lee                                         40     1   2  2  

Penalty Kill 4 Players Forward 
   Center                   Wing                     Time % Phy DF OF 
 1 John Tavares             Guillaume Latendresse    60     1   2  2  
 2 Evgeny Grachev           Andrew Ladd              40     1   2  2  

Penalty Kill 4 Players Defense
   Defense                  Defense                  Time % Phy DF OF 
 1 Andrej Sustr             Paul Ladue               60     0   3  2  
 2 Ben Chiarot              Brian Lee                40     0   3  2  

Penalty Kill - 3 Players Forward 
   Forward                                           Time % Phy DF OF 
 1 John Tavares                                      60     1   2  2  
 2 Evgeny Grachev                                    40     1   2  2  

Penalty Kill - 3 Players Defense
   Defense                  Defense                  Time % Phy DF OF 
 1 Andrej Sustr             Paul Ladue               60     0   3  2  
 2 Ben Chiarot              Brian Lee                40     0   3  2  

4 vs 4 Forward 
   Center                   Wing                     Time % Phy DF OF 
 1 John Tavares             Guillaume Latendresse    60     0   2  3  
 2 Evgeny Grachev           Andrew Ladd              40     0   2  3  

4 vs 4 Defense
   Defense                  Defense                  Time % Phy DF OF 
 1 Andrej Sustr             Paul Ladue               60     1   2  2  
 2 Ben Chiarot              Brian Lee                40     1   2  2  

Last Minutes Offensive
   Center                   Left Wing                Right Wing               Defense                  Defense                  
   John Tavares             Guillaume Latendresse    Michael Grabner          Andrej Sustr             Paul Ladue               

Last Minutes Defensive
   Center                   Left Wing                Right Wing               Defense                  Defense                  
   John Tavares             Guillaume Latendresse    Michael Grabner          Andrej Sustr             Paul Ladue               

Goaltenders
Starting : Matt Murray              
Backup : Jhonas Enroth            

Extra Forwards
Normal : Andrew Ladd, Jonathan Drouin, Tobias Rieder - PP : Andrew Ladd, Jonathan Drouin - PK : Andrew Ladd
Extra Defensemen
Normal : Brian Lee, Tyler Wotherspoon, Anton Cederholm - PP : Brian Lee - PK : Brian Lee, Tyler Wotherspoon
Penalty Shots
John Tavares, Michael Grabner, Guillaume Latendresse, Alex Chiasson, Andrew Ladd
Custom OT Lines Forwards
John Tavares, Michael Grabner, Guillaume Latendresse, Alex Chiasson, Andrew Ladd, Jonathan Drouin, Tobias Rieder, Evgeny Grachev, Cam Atkinson, Scott Kosmachuck
Custom OT Lines Defensemen
Andrej Sustr, Paul Ladue, Ben Chiarot, Brian Lee, Tyler Wotherspoon

Scratches
Boris Valabik (Healthy)

Oilers

5 vs 5 Forward 
   Center                   Left Wing                Right Wing               Time % Phy DF OF 
 1 Connor McDavid           Kyle Clifford            Connor Brown             40     1   2  2  
 2 Leon Draisaitl           Ryan Nugent-Hopkins      Timo Meier               30     1   2  2  
 3 Frederik Gauthier        Tyler Bertuzzi           Jake Virtanen            20     1   2  2  
 4 Mark Jankowski           Anton Slepyshev          Zach Hyman               10     1   2  2  

5 vs 5 Defense 
   Defense                  Defense                                           Time % Phy DF OF 
 1 Brady Skjei              Darnell Nurse                                     40     1   2  2  
 2 Cam Barker               Dalton Prout                                      30     1   2  2  
 3 Marcus Pettersson        Mattias Ekholm                                    20     1   2  2  
 4 Brady Skjei              Darnell Nurse                                     10     1   2  2  

PowerPlay Forward 
   Center                   Left Wing                Right Wing               Time % Phy DF OF 
 1 Connor McDavid           Leon Draisaitl           Connor Brown             60     1   2  2  
 2 Ryan Nugent-Hopkins      Kyle Clifford            Timo Meier               40     1   2  2  

PowerPlay Defense
   Defense                  Defense                                           Time % Phy DF OF 
 1 Brady Skjei              Marcus Pettersson                                 60     1   2  2  
 2 Darnell Nurse            Cam Barker                                        40     1   2  2  

Penalty Kill 4 Players Forward 
   Center                   Wing                     Time % Phy DF OF 
 1 Connor McDavid           Kyle Clifford            60     0   4  1  
 2 Ryan Nugent-Hopkins      Leon Draisaitl           40     0   4  1  

Penalty Kill 4 Players Defense
   Defense                  Defense                  Time % Phy DF OF 
 1 Brady Skjei              Darnell Nurse            60     0   5  0  
 2 Cam Barker               Dalton Prout             40     0   5  0  

Penalty Kill - 3 Players Forward 
   Forward                                           Time % Phy DF OF 
 1 Connor McDavid                                    60     0   5  0  
 2 Ryan Nugent-Hopkins                               40     0   5  0  

Penalty Kill - 3 Players Defense
   Defense                  Defense                  Time % Phy DF OF 
 1 Brady Skjei              Darnell Nurse            60     0   5  0  
 2 Cam Barker               Dalton Prout             40     0   5  0  

4 vs 4 Forward 
   Center                   Wing                     Time % Phy DF OF 
 1 Connor McDavid           Kyle Clifford            60     1   2  2  
 2 Ryan Nugent-Hopkins      Leon Draisaitl           40     1   2  2  

4 vs 4 Defense
   Defense                  Defense                  Time % Phy DF OF 
 1 Brady Skjei              Darnell Nurse            60     1   2  2  
 2 Cam Barker               Dalton Prout             40     1   2  2  

Last Minutes Offensive
   Center                   Left Wing                Right Wing               Defense                  Defense                  
   Connor McDavid           Kyle Clifford            Connor Brown             Brady Skjei              Darnell Nurse            

Last Minutes Defensive
   Center                   Left Wing                Right Wing               Defense                  Defense                  
   Connor McDavid           Kyle Clifford            Connor Brown             Brady Skjei              Darnell Nurse            

Goaltenders
Starting : Mikko Koskinen           
Backup : Carter Hart              

Extra Forwards
Normal : Ryan Nugent-Hopkins, Timo Meier, Zach Hyman - PP : Ryan Nugent-Hopkins, Timo Meier - PK : Ryan Nugent-Hopkins
Extra Defensemen
Normal : Dalton Prout, Marcus Pettersson, Mattias Ekholm - PP : Dalton Prout - PK : Dalton Prout, Marcus Pettersson
Penalty Shots
Connor McDavid, Kyle Clifford, Connor Brown, Leon Draisaitl, Ryan Nugent-Hopkins
Custom OT Lines Forwards
Connor McDavid, Kyle Clifford, Connor Brown, Leon Draisaitl, Ryan Nugent-Hopkins, Timo Meier, Zach Hyman, Tyler Bertuzzi, Frederik Gauthier, Jake Virtanen
Custom OT Lines Defensemen
Brady Skjei, Darnell Nurse, Cam Barker, Dalton Prout, Marcus Pettersson

Scratches
None


% Time on Ice - Stars

Lines # - Real PCT - Wanted PCT - Time Play
Normal Forward
1 - 37% - 40% - 16:51
2 - 30% - 30% - 13:34
3 - 20% - 20% - 9:04
4 - 13% - 10% - 5:40
Normal Defense
1 - 42% - 40% - 19:06
2 - 31% - 30% - 14:03
3 - 22% - 20% - 9:47
4 - 5% - 10% - 2:13
PP Forward
1 - 55% - 60% - 3:14
2 - 45% - 40% - 2:38
PP Defense
1 - 54% - 60% - 3:09
2 - 46% - 40% - 2:43
PK Forward
1 - 67% - 60% - 4:49
2 - 33% - 40% - 2:25
PK Defense
1 - 59% - 60% - 4:14
2 - 41% - 40% - 3:00
PK3 Forward
1 - 0% - 60%
2 - 0% - 40%
PK3 Defense
1 - 0% - 60%
2 - 0% - 40%
44 Forward
1 - 100% - 60% - 0:42
2 - 0% - 40% - 0:00
44 Defense
1 - 100% - 60% - 0:42
2 - 0% - 40% - 0:00
Last Minute Offensive  - 1:03
Last Minute Defensive  - 0:00
Total
Forward - 60:00
Defense - 60:00

% Time on Ice - Oilers

Lines # - Real PCT - Wanted PCT - Time Play
Normal Forward
1 - 36% - 40% - 16:23
2 - 25% - 30% - 11:18
3 - 22% - 20% - 9:43
4 - 17% - 10% - 7:46
Normal Defense
1 - 38% - 40% - 17:01
2 - 35% - 30% - 15:48
3 - 25% - 20% - 11:06
4 - 3% - 10% - 1:15
PP Forward
1 - 61% - 60% - 4:23
2 - 39% - 40% - 2:51
PP Defense
1 - 62% - 60% - 4:29
2 - 38% - 40% - 2:45
PK Forward
1 - 77% - 60% - 4:30
2 - 23% - 40% - 1:22
PK Defense
1 - 78% - 60% - 4:36
2 - 22% - 40% - 1:16
PK3 Forward
1 - 0% - 60%
2 - 0% - 40%
PK3 Defense
1 - 0% - 60%
2 - 0% - 40%
44 Forward
1 - 100% - 60% - 0:42
2 - 0% - 40% - 0:00
44 Defense
1 - 100% - 60% - 0:42
2 - 0% - 40% - 0:00
Last Minute Offensive  - 0:00
Last Minute Defensive  - 1:02
Total
Forward - 60:00
Defense - 60:00

Play-by-Play

1st period


0:01 of 1st period - John Tavares wins face-off versus Connor McDavid in neutral zone.
0:10 of 1st period - Off-side.
0:11 of 1st period - Leon Draisaitl wins face-off versus Alex Chiasson in neutral zone.
0:14 of 1st period - Snap shot by Timo Meier.
0:14 of 1st period - Stopped by Matt Murray without a rebound.
0:15 of 1st period - Evgeny Grachev wins face-off versus Leon Draisaitl in Stars zone.
0:24 of 1st period - Wrist shot by Alex Chiasson.
0:24 of 1st period - Stopped by Mikko Koskinen with a rebound.
0:50 of 1st period - Snap shot by Brian Lee.
0:50 of 1st period - Stopped by Mikko Koskinen with a rebound.
1:02 of 1st period - Snap shot by Kyle Clifford.
1:02 of 1st period - Stopped by Matt Murray without a rebound.
1:03 of 1st period - Connor McDavid wins face-off versus John Tavares in Stars zone.
1:34 of 1st period - Wrist shot by Michael Grabner.
1:34 of 1st period - Stopped by Mikko Koskinen with a rebound.
1:36 of 1st period - Wrist shot by Guillaume Latendresse.
1:36 of 1st period - Stopped by Mikko Koskinen with a rebound.
1:38 of 1st period - Snap shot by Guillaume Latendresse.
1:38 of 1st period - Stopped by Mikko Koskinen with a rebound.
1:40 of 1st period - Slapshot by Anton Cederholm.
1:40 of 1st period - Stopped by Mikko Koskinen without a rebound.
1:41 of 1st period - Henrik Borgstrom wins face-off versus Mark Jankowski in Oilers zone.
1:46 of 1st period - Snap shot by Scott Kosmachuck.
1:46 of 1st period - Stopped by Mikko Koskinen with a rebound.
2:31 of 1st period - Slapshot by Tyler Bertuzzi.
2:31 of 1st period - Shot Blocked by Evgeny Kuznetsov.
2:51 of 1st period - Ben Chiarot is hit by Anton Slepyshev and loses puck.
3:13 of 1st period - Backhand shot by Connor Brown.
3:13 of 1st period - Shot Misses the Net.
3:15 of 1st period - Slapshot by Dalton Prout.
3:15 of 1st period - Shot Misses the Net.
3:17 of 1st period - Slapshot by Cam Barker.
3:17 of 1st period - Shot Misses the Net.
3:24 of 1st period - Minor Penalty to Brian Lee for Tripping.
3:25 of 1st period - Connor McDavid wins face-off versus John Tavares in Stars zone.
4:16 of 1st period - Off-side.
4:17 of 1st period - Connor McDavid wins face-off versus Evgeny Grachev in neutral zone.
5:24 of 1st period - Penalty to Brian Lee is over, Brian Lee is back on ice.
6:34 of 1st period - Darnell Nurse is hit by John Tavares and loses puck.
6:39 of 1st period - Wrist shot by Michael Grabner.
6:39 of 1st period - Deflect By Kyle Clifford.
6:39 of 1st period - Shot Blocked by Darnell Nurse.
6:39 of 1st period - Puck is out of play.
6:40 of 1st period - John Tavares wins face-off versus Leon Draisaitl in Oilers zone.
6:53 of 1st period - Snap shot by Timo Meier.
6:53 of 1st period - Stopped by Matt Murray without a rebound.
6:54 of 1st period - Connor McDavid wins face-off versus Evgeny Grachev in Stars zone.
7:19 of 1st period - Timo Meier is hit by John Tavares and loses puck.
7:43 of 1st period - Ben Chiarot is hit by Darnell Nurse and loses puck.
8:35 of 1st period - Evgeny Grachev is hit by Mark Jankowski.
8:48 of 1st period - Off-side.
8:49 of 1st period - Leon Draisaitl wins face-off versus John Tavares in neutral zone.
9:03 of 1st period - Icing by Guillaume Latendresse.
9:04 of 1st period - Kyle Clifford wins face-off versus John Tavares in Stars zone.
9:13 of 1st period - Wrist shot by Connor Brown.
9:13 of 1st period - Shot Misses the Net.
9:17 of 1st period - Slapshot by Connor Brown.
9:17 of 1st period - Stopped by Matt Murray with a rebound.
9:19 of 1st period - Snap shot by Connor McDavid.
9:19 of 1st period - Shot Blocked by John Tavares.
9:21 of 1st period - Snap shot by Connor McDavid.
9:21 of 1st period - Shot Misses the Net.
9:33 of 1st period - Ryan Nugent-Hopkins is hit by Andrej Sustr and loses puck.
10:02 of 1st period - Backhand shot by Jonathan Drouin.
10:02 of 1st period - Stopped by Mikko Koskinen with a rebound.
10:19 of 1st period - Slapshot by Paul Ladue.
10:19 of 1st period - Shot Misses the Net.
10:33 of 1st period - Wrist shot by Jake Virtanen.
10:33 of 1st period - Shot Misses the Net.
10:39 of 1st period - Snap shot by Jake Virtanen.
10:39 of 1st period - Shot Blocked by Paul Ladue.
10:41 of 1st period - Snap shot by Tyler Bertuzzi.
10:41 of 1st period - Shot Misses the Net.
10:43 of 1st period - Slapshot by Dalton Prout.
10:43 of 1st period - Stopped by Matt Murray without a rebound.
10:44 of 1st period - Connor McDavid wins face-off versus John Tavares in Stars zone.
11:10 of 1st period - Brady Skjei is hit by Andrew Ladd and loses puck.
11:57 of 1st period - John Tavares is hit by Kyle Clifford and loses puck.
12:18 of 1st period - Mattias Ekholm is hit by Brian Lee and loses puck.
12:29 of 1st period - Ryan Nugent-Hopkins is hit by Andrew Ladd and loses puck.
12:40 of 1st period - Tyler Wotherspoon is hit by Mattias Ekholm and loses puck.
12:51 of 1st period - Minor Penalty to Cam Atkinson for Holding.
12:52 of 1st period - John Tavares wins face-off versus Connor McDavid in Stars zone.
12:59 of 1st period - Icing by Connor McDavid.
13:00 of 1st period - John Tavares wins face-off versus Connor McDavid in Oilers zone.
13:44 of 1st period - Slapshot by Brady Skjei.
13:44 of 1st period - Shot Misses the Net.
13:46 of 1st period - Snap shot by Connor Brown.
13:46 of 1st period - Shot Blocked by Paul Ladue.
13:48 of 1st period - Snap shot by Cam Barker.
13:48 of 1st period - Stopped by Matt Murray with a rebound.
13:50 of 1st period - Wrist shot by Leon Draisaitl.
13:50 of 1st period - Shot Misses the Net.
14:51 of 1st period - Penalty to Cam Atkinson is over, Cam Atkinson is back on ice.
14:56 of 1st period - Snap shot by Jake Virtanen.
14:56 of 1st period - Deflect By Frederik Gauthier.
14:56 of 1st period - Shot Misses the Net.
14:56 of 1st period - Puck is out of play.
14:57 of 1st period - Frederik Gauthier wins face-off versus Evgeny Kuznetsov in Stars zone.
14:58 of 1st period - Wrist shot by Jake Virtanen.
14:58 of 1st period - Goal by Jake Virtanen - Stars : 0 - Oilers : 1.
14:59 of 1st period - Frederik Gauthier wins face-off versus John Tavares in neutral zone.
15:08 of 1st period - Snap shot by Jake Virtanen.
15:08 of 1st period - Stopped by Matt Murray without a rebound.
15:09 of 1st period - Frederik Gauthier wins face-off versus John Tavares in Stars zone.
15:10 of 1st period - Snap shot by Jake Virtanen.
15:10 of 1st period - Shot Misses the Net.
15:46 of 1st period - Wrist shot by Tyler Bertuzzi.
15:46 of 1st period - Shot Blocked by Paul Ladue.
16:01 of 1st period - Dalton Prout is hit by Michael Grabner and loses puck.
17:10 of 1st period - Wrist shot by Tyler Bertuzzi.
17:10 of 1st period - Shot Misses the Net.
17:12 of 1st period - Snap shot by Cam Barker.
17:12 of 1st period - Shot Blocked by Paul Ladue.
17:33 of 1st period - Wrist shot by Frederik Gauthier.
17:33 of 1st period - Stopped by Matt Murray without a rebound.
17:34 of 1st period - Connor McDavid wins face-off versus Evgeny Grachev in Stars zone.
18:03 of 1st period - Icing by Cam Atkinson.
18:04 of 1st period - Mark Jankowski wins face-off versus Evgeny Kuznetsov in Stars zone.
18:17 of 1st period - Snap shot by Cam Atkinson.
18:17 of 1st period - Shot Blocked by Marcus Pettersson.
18:39 of 1st period - Brady Skjei is hit by Tyler Wotherspoon and loses puck.
18:44 of 1st period - Snap shot by Jonathan Drouin.
18:44 of 1st period - Stopped by Mikko Koskinen without a rebound.
18:45 of 1st period - Connor McDavid wins face-off versus Alex Chiasson in Oilers zone.
18:52 of 1st period - Slapshot by Kyle Clifford.
18:52 of 1st period - Stopped by Matt Murray without a rebound.
18:53 of 1st period - Evgeny Grachev wins face-off versus Connor McDavid in Stars zone.
19:06 of 1st period - Connor McDavid is hit by Brian Lee and loses puck.
19:15 of 1st period - Slapshot by Evgeny Grachev.
19:15 of 1st period - Stopped by Mikko Koskinen with a rebound.
19:17 of 1st period - Snap shot by Brian Lee.
19:17 of 1st period - Deflect By Andrew Ladd.
19:17 of 1st period - Stopped by Mikko Koskinen without a rebound.
19:18 of 1st period - Leon Draisaitl wins face-off versus Evgeny Kuznetsov in Oilers zone.
19:23 of 1st period - Wrist shot by Ryan Nugent-Hopkins.
19:23 of 1st period - Stopped by Matt Murray with a rebound.
19:25 of 1st period - Wrist shot by Leon Draisaitl.
19:25 of 1st period - Stopped by Matt Murray with a rebound.
19:31 of 1st period - Snap shot by Leon Draisaitl.
19:31 of 1st period - Stopped by Matt Murray without a rebound.
19:32 of 1st period - Connor McDavid wins face-off versus Evgeny Grachev in Stars zone.
19:41 of 1st period - Icing by Andrej Sustr.
19:42 of 1st period - Connor McDavid wins face-off versus Evgeny Grachev in Stars zone.
19:43 of 1st period - Slapshot by Connor Brown.
19:43 of 1st period - Shot Blocked by Paul Ladue.
Goals for this period are 0 for Stars vs 1 for Oilers.
Shots for this period are 11 for Stars vs 13 for Oilers.

2nd period


0:01 of 2nd period - Connor McDavid wins face-off versus Evgeny Grachev in neutral zone.
0:04 of 2nd period - Slapshot by Darnell Nurse.
0:04 of 2nd period - Shot Blocked by Ben Chiarot.
0:31 of 2nd period - Icing by Ben Chiarot.
0:32 of 2nd period - Leon Draisaitl wins face-off versus John Tavares in Stars zone.
1:03 of 2nd period - Backhand shot by Guillaume Latendresse.
1:03 of 2nd period - Shot Blocked by Connor McDavid.
1:05 of 2nd period - Slapshot by Brian Lee.
1:05 of 2nd period - Stopped by Mikko Koskinen without a rebound.
1:06 of 2nd period - Leon Draisaitl wins face-off versus Evgeny Grachev in Oilers zone.
1:36 of 2nd period - Snap shot by Connor McDavid.
1:36 of 2nd period - Stopped by Matt Murray without a rebound.
1:37 of 2nd period - Connor McDavid wins face-off versus John Tavares in Stars zone.
2:08 of 2nd period - Slapshot by Marcus Pettersson.
2:08 of 2nd period - Stopped by Matt Murray with a rebound.
2:14 of 2nd period - Snap shot by Evgeny Grachev.
2:14 of 2nd period - Shot Blocked by Timo Meier.
2:48 of 2nd period - Wrist shot by Leon Draisaitl.
2:48 of 2nd period - Shot Misses the Net.
2:50 of 2nd period - Snap shot by Marcus Pettersson.
2:50 of 2nd period - Stopped by Matt Murray without a rebound.
2:51 of 2nd period - Connor McDavid wins face-off versus John Tavares in Stars zone.
3:00 of 2nd period - Wrist shot by John Tavares.
3:00 of 2nd period - Shot Blocked by Darnell Nurse.
3:02 of 2nd period - Slapshot by Michael Grabner.
3:02 of 2nd period - Deflect By John Tavares.
3:02 of 2nd period - Stopped by Mikko Koskinen without a rebound.
3:03 of 2nd period - Evgeny Grachev wins face-off versus Connor McDavid in Oilers zone.
3:30 of 2nd period - Snap shot by Zach Hyman.
3:30 of 2nd period - Stopped by Matt Murray without a rebound.
3:31 of 2nd period - Mark Jankowski wins face-off versus John Tavares in Stars zone.
3:58 of 2nd period - Slapshot by Mark Jankowski.
3:58 of 2nd period - Deflect By Alex Chiasson.
3:58 of 2nd period - Shot Misses the Net.
3:58 of 2nd period - Puck is out of play.
3:59 of 2nd period - Evgeny Grachev wins face-off versus Connor McDavid in Stars zone.
4:26 of 2nd period - Michael Grabner is hit by Darnell Nurse and loses puck.
5:04 of 2nd period - Snap shot by Evgeny Grachev.
5:04 of 2nd period - Stopped by Mikko Koskinen without a rebound.
5:05 of 2nd period - Mark Jankowski wins face-off versus Evgeny Grachev in Oilers zone.
6:23 of 2nd period - Wrist shot by Anton Slepyshev.
6:23 of 2nd period - Shot Misses the Net.
6:27 of 2nd period - Snap shot by Anton Slepyshev.
6:27 of 2nd period - Stopped by Matt Murray with a rebound.
6:29 of 2nd period - Wrist shot by Mark Jankowski.
6:29 of 2nd period - Shot Misses the Net.
6:55 of 2nd period - Wrist shot by Alex Chiasson.
6:55 of 2nd period - Stopped by Mikko Koskinen with a rebound.
7:05 of 2nd period - Slapshot by Cam Barker.
7:05 of 2nd period - Stopped by Matt Murray without a rebound.
7:06 of 2nd period - John Tavares wins face-off versus Connor McDavid in Stars zone.
8:36 of 2nd period - Slapshot by Tobias Rieder.
8:36 of 2nd period - Stopped by Mikko Koskinen with a rebound.
8:46 of 2nd period - Snap shot by Tyler Bertuzzi.
8:46 of 2nd period - Shot Misses the Net.
8:48 of 2nd period - Wrist shot by Mattias Ekholm.
8:48 of 2nd period - Stopped by Matt Murray without a rebound.
8:49 of 2nd period - Connor McDavid wins face-off versus Cam Atkinson in Stars zone.
8:58 of 2nd period - Slapshot by Kyle Clifford.
8:58 of 2nd period - Stopped by Matt Murray with a rebound.
9:00 of 2nd period - Wrist shot by Connor McDavid.
9:00 of 2nd period - Goal by Connor McDavid - Stars : 0 - Oilers : 2.
9:01 of 2nd period - John Tavares wins face-off versus Connor McDavid in neutral zone.
9:03 of 2nd period - Minor Penalty to Michael Grabner for Holding Stick.
9:04 of 2nd period - Connor McDavid wins face-off versus John Tavares in Stars zone.
9:20 of 2nd period - Andrej Sustr is hit by Brady Skjei and loses puck.
9:35 of 2nd period - Ryan Nugent-Hopkins is hit by Guillaume Latendresse and loses puck.
10:20 of 2nd period - Minor Penalty to Darnell Nurse for Hooking.
10:21 of 2nd period - John Tavares wins face-off versus Connor McDavid in Oilers zone.
10:34 of 2nd period - Slapshot by Kyle Clifford.
10:34 of 2nd period - Stopped by Matt Murray without a rebound.
10:35 of 2nd period - John Tavares wins face-off versus Connor McDavid in Stars zone.
11:03 of 2nd period - Penalty to Michael Grabner is over, Michael Grabner is back on ice.
12:01 of 2nd period - Andrew Ladd is hit by Connor McDavid and loses puck.
12:20 of 2nd period - Penalty to Darnell Nurse is over, Darnell Nurse is back on ice.
12:47 of 2nd period - Snap shot by Cam Atkinson.
12:47 of 2nd period - Shot Misses the Net.
12:49 of 2nd period - Snap shot by Cam Atkinson.
12:49 of 2nd period - Shot Blocked by Mattias Ekholm.
12:51 of 2nd period - Slapshot by Jonathan Drouin.
12:51 of 2nd period - Shot Misses the Net.
12:53 of 2nd period - Snap shot by Cam Atkinson.
12:53 of 2nd period - Shot Blocked by Mattias Ekholm.
13:37 of 2nd period - Snap shot by Frederik Gauthier.
13:37 of 2nd period - Stopped by Matt Murray without a rebound.
13:38 of 2nd period - Frederik Gauthier wins face-off versus Henrik Borgstrom in Stars zone.
14:08 of 2nd period - Slapshot by Tyler Wotherspoon.
14:08 of 2nd period - Deflect By Connor McDavid.
14:08 of 2nd period - Stopped by Mikko Koskinen without a rebound.
14:09 of 2nd period - Connor McDavid wins face-off versus John Tavares in Oilers zone.
14:09 of 2nd period - Connor McDavid is hit by Guillaume Latendresse.
14:47 of 2nd period - Wrist shot by Connor McDavid.
14:47 of 2nd period - Shot Misses the Net.
14:49 of 2nd period - Snap shot by Connor Brown.
14:49 of 2nd period - Goal by Connor Brown - Stars : 0 - Oilers : 3.
14:50 of 2nd period - Leon Draisaitl wins face-off versus Evgeny Grachev in neutral zone.
15:06 of 2nd period - Snap shot by Alex Chiasson.
15:06 of 2nd period - Stopped by Mikko Koskinen with a rebound.
15:08 of 2nd period - Minor Penalty to Brady Skjei for High sticking.
15:09 of 2nd period - Connor McDavid wins face-off versus John Tavares in Oilers zone.
16:08 of 2nd period - Slapshot by Michael Grabner.
16:08 of 2nd period - Stopped by Mikko Koskinen with a rebound.
16:10 of 2nd period - Snap shot by Guillaume Latendresse.
16:10 of 2nd period - Shot Misses the Net.
17:08 of 2nd period - Penalty to Brady Skjei is over, Brady Skjei is back on ice.
17:25 of 2nd period - Snap shot by Henrik Borgstrom.
17:25 of 2nd period - Stopped by Mikko Koskinen without a rebound.
17:26 of 2nd period - Frederik Gauthier wins face-off versus Henrik Borgstrom in Oilers zone.
17:26 of 2nd period - Frederik Gauthier is hit by Scott Kosmachuck.
17:56 of 2nd period - Wrist shot by Scott Kosmachuck.
17:56 of 2nd period - Shot Misses the Net.
17:58 of 2nd period - Snap shot by Scott Kosmachuck.
17:58 of 2nd period - Goal by Scott Kosmachuck - Stars : 1 - Oilers : 3.
17:59 of 2nd period - Connor McDavid wins face-off versus John Tavares in neutral zone.
18:55 of 2nd period - Slapshot by Brady Skjei.
18:55 of 2nd period - Shot Misses the Net.
18:57 of 2nd period - Snap shot by Tyler Bertuzzi.
18:57 of 2nd period - Stopped by Matt Murray without a rebound.
18:58 of 2nd period - John Tavares wins face-off versus Connor McDavid in Stars zone.
19:03 of 2nd period - Snap shot by Kyle Clifford.
19:03 of 2nd period - Shot Blocked by Andrej Sustr.
19:10 of 2nd period - Off-side.
19:11 of 2nd period - John Tavares wins face-off versus Connor McDavid in neutral zone.
Goals for this period are 1 for Stars vs 2 for Oilers.
Shots for this period are 10 for Stars vs 13 for Oilers.

3rd period


0:01 of 3rd period - John Tavares wins face-off versus Connor Brown in neutral zone.
0:04 of 3rd period - Slapshot by Guillaume Latendresse.
0:04 of 3rd period - Shot Misses the Net.
0:24 of 3rd period - Connor McDavid is hit by John Tavares and loses puck.
0:31 of 3rd period - John Tavares is hit by Connor Brown and loses puck.
1:10 of 3rd period - Off-side.
1:11 of 3rd period - Leon Draisaitl wins face-off versus Evgeny Grachev in neutral zone.
1:14 of 3rd period - Snap shot by Timo Meier.
1:14 of 3rd period - Stopped by Matt Murray without a rebound.
1:15 of 3rd period - Leon Draisaitl wins face-off versus Evgeny Grachev in Stars zone.
1:32 of 3rd period - Snap shot by Ryan Nugent-Hopkins.
1:32 of 3rd period - Stopped by Matt Murray without a rebound.
1:33 of 3rd period - Evgeny Kuznetsov wins face-off versus Frederik Gauthier in Stars zone.
2:08 of 3rd period - Snap shot by Ryan Nugent-Hopkins.
2:08 of 3rd period - Stopped by Matt Murray with a rebound.
2:10 of 3rd period - Snap shot by Cam Barker.
2:10 of 3rd period - Shot Blocked by Andrew Ladd.
3:01 of 3rd period - Darnell Nurse is hit by Andrej Sustr and loses puck.
3:14 of 3rd period - Wrist shot by Tyler Bertuzzi.
3:14 of 3rd period - Shot Blocked by Paul Ladue.
3:16 of 3rd period - Snap shot by Marcus Pettersson.
3:16 of 3rd period - Stopped by Matt Murray with a rebound.
3:18 of 3rd period - Snap shot by Tyler Bertuzzi.
3:18 of 3rd period - Shot Misses the Net.
3:20 of 3rd period - Wrist shot by Frederik Gauthier.
3:20 of 3rd period - Stopped by Matt Murray without a rebound.
3:21 of 3rd period - Kyle Clifford wins face-off versus Evgeny Grachev in Stars zone.
3:24 of 3rd period - Slapshot by Kyle Clifford.
3:24 of 3rd period - Deflect By Connor McDavid.
3:24 of 3rd period - Shot Misses the Net.
3:24 of 3rd period - Puck is out of play.
3:25 of 3rd period - Connor McDavid wins face-off versus Evgeny Grachev in Stars zone.
3:26 of 3rd period - Snap shot by Kyle Clifford.
3:26 of 3rd period - Stopped by Matt Murray without a rebound.
3:27 of 3rd period - Evgeny Grachev wins face-off versus Connor McDavid in Stars zone.
3:27 of 3rd period - Evgeny Grachev is hit by Connor Brown.
4:09 of 3rd period - Snap shot by Evgeny Grachev.
4:09 of 3rd period - Stopped by Mikko Koskinen without a rebound.
4:10 of 3rd period - John Tavares wins face-off versus Leon Draisaitl in Oilers zone.
4:19 of 3rd period - Snap shot by Ryan Nugent-Hopkins.
4:19 of 3rd period - Stopped by Matt Murray with a rebound.
4:25 of 3rd period - Wrist shot by Leon Draisaitl.
4:25 of 3rd period - Shot Blocked by Paul Ladue.
4:33 of 3rd period - Leon Draisaitl is hit by Andrej Sustr.
5:12 of 3rd period - Snap shot by Zach Hyman.
5:12 of 3rd period - Stopped by Matt Murray without a rebound.
5:13 of 3rd period - John Tavares wins face-off versus Connor McDavid in Stars zone.
5:13 of 3rd period - John Tavares is hit by Kyle Clifford.
5:18 of 3rd period - Ben Chiarot is hit by Connor McDavid and loses puck.
5:21 of 3rd period - Slapshot by Brian Lee.
5:21 of 3rd period - Stopped by Mikko Koskinen without a rebound.
5:22 of 3rd period - Michael Grabner wins face-off versus Connor McDavid in Oilers zone.
5:25 of 3rd period - Wrist shot by John Tavares.
5:25 of 3rd period - Shot Misses the Net.
5:27 of 3rd period - Slapshot by Brian Lee.
5:27 of 3rd period - Stopped by Mikko Koskinen without a rebound.
5:28 of 3rd period - Connor McDavid wins face-off versus John Tavares in Oilers zone.
5:30 of 3rd period - Minor Penalty to Connor Brown for Interference.
5:31 of 3rd period - John Tavares wins face-off versus Connor McDavid in Oilers zone.
6:05 of 3rd period - Snap shot by Evgeny Grachev.
6:05 of 3rd period - Shot Misses the Net.
6:07 of 3rd period - Snap shot by Andrew Ladd.
6:07 of 3rd period - Goal by Andrew Ladd - Stars : 2 - Oilers : 3.
6:08 of 3rd period - Connor McDavid wins face-off versus John Tavares in neutral zone.
6:34 of 3rd period - Brady Skjei is hit by Evgeny Kuznetsov and loses puck.
6:59 of 3rd period - Wrist shot by Connor McDavid.
6:59 of 3rd period - Goal by Connor McDavid - Stars : 2 - Oilers : 4.
7:00 of 3rd period - Leon Draisaitl wins face-off versus John Tavares in neutral zone.
7:52 of 3rd period - Andrej Sustr is hit by Zach Hyman and loses puck.
7:59 of 3rd period - Dalton Prout is hit by Cam Atkinson and loses puck.
8:14 of 3rd period - Snap shot by Scott Kosmachuck.
8:14 of 3rd period - Stopped by Mikko Koskinen without a rebound.
8:15 of 3rd period - Connor McDavid wins face-off versus Henrik Borgstrom in Oilers zone.
8:27 of 3rd period - Off-side.
8:28 of 3rd period - Connor McDavid wins face-off versus John Tavares in neutral zone.
8:28 of 3rd period - Connor McDavid is hit by Andrej Sustr.
9:01 of 3rd period - Backhand shot by Andrew Ladd.
9:01 of 3rd period - Deflect By Alex Chiasson.
9:01 of 3rd period - Stopped by Mikko Koskinen with a rebound.
9:27 of 3rd period - Snap shot by Andrew Ladd.
9:27 of 3rd period - Deflect By Evgeny Grachev.
9:27 of 3rd period - Shot Misses the Net.
9:27 of 3rd period - Puck is out of play.
9:28 of 3rd period - John Tavares wins face-off versus Connor Brown in Oilers zone.
9:29 of 3rd period - Wrist shot by Michael Grabner.
9:29 of 3rd period - Shot Blocked by Marcus Pettersson.
10:05 of 3rd period - Snap shot by Cam Atkinson.
10:05 of 3rd period - Goal by Cam Atkinson - Stars : 3 - Oilers : 4.
10:06 of 3rd period - Connor McDavid wins face-off versus John Tavares in neutral zone.
10:14 of 3rd period - Minor Penalty to Michael Grabner for Slashing.
10:15 of 3rd period - Connor McDavid wins face-off versus John Tavares in Stars zone.
10:53 of 3rd period - Guillaume Latendresse is hit by Timo Meier and loses puck.
11:04 of 3rd period - Slapshot by Andrej Sustr.
11:04 of 3rd period - Deflect By Andrew Ladd.
11:04 of 3rd period - Shot Blocked by Darnell Nurse.
11:04 of 3rd period - Puck is out of play.
11:05 of 3rd period - Connor McDavid wins face-off versus Evgeny Grachev in Oilers zone.
12:03 of 3rd period - Icing by Connor Brown.
12:04 of 3rd period - Connor McDavid wins face-off versus John Tavares in Oilers zone.
12:14 of 3rd period - Penalty to Michael Grabner is over, Michael Grabner is back on ice.
12:35 of 3rd period - Slapshot by Tyler Bertuzzi.
12:35 of 3rd period - Shot Misses the Net.
13:11 of 3rd period - Snap shot by Evgeny Grachev.
13:11 of 3rd period - Stopped by Mikko Koskinen with a rebound.
13:13 of 3rd period - Wrist shot by Andrew Ladd.
13:13 of 3rd period - Stopped by Mikko Koskinen with a rebound.
13:15 of 3rd period - Snap shot by Evgeny Grachev.
13:15 of 3rd period - Shot Misses the Net.
13:17 of 3rd period - Slapshot by Brian Lee.
13:17 of 3rd period - Shot Misses the Net.
13:19 of 3rd period - Slapshot by Evgeny Grachev.
13:19 of 3rd period - Shot Misses the Net.
13:21 of 3rd period - Slapshot by Brian Lee.
13:21 of 3rd period - Deflect By Evgeny Grachev.
13:21 of 3rd period - Deflect By Brady Skjei.
13:21 of 3rd period - Shot Misses the Net.
13:21 of 3rd period - Puck is out of play.
13:22 of 3rd period - Leon Draisaitl wins face-off versus John Tavares in Oilers zone.
13:39 of 3rd period - Snap shot by Ryan Nugent-Hopkins.
13:39 of 3rd period - Stopped by Matt Murray without a rebound.
13:40 of 3rd period - Connor McDavid wins face-off versus Alex Chiasson in Stars zone.
14:06 of 3rd period - Minor Penalty to Timo Meier for Tripping.
14:07 of 3rd period - John Tavares wins face-off versus Connor McDavid in Oilers zone.
15:24 of 3rd period - Slapshot by Dalton Prout.
15:24 of 3rd period - Deflect By Anton Slepyshev.
15:24 of 3rd period - Stopped by Matt Murray with a rebound.
15:57 of 3rd period - John Tavares is hit by Darnell Nurse and loses puck.
16:06 of 3rd period - Penalty to Timo Meier is over, Timo Meier is back on ice.
16:22 of 3rd period - Wrist shot by Frederik Gauthier.
16:22 of 3rd period - Stopped by Matt Murray with a rebound.
16:26 of 3rd period - Snap shot by Kyle Clifford.
16:26 of 3rd period - Stopped by Matt Murray with a rebound.
16:28 of 3rd period - Snap shot by Frederik Gauthier.
16:28 of 3rd period - Shot Misses the Net.
16:30 of 3rd period - Slapshot by Timo Meier.
16:30 of 3rd period - Shot Misses the Net.
16:36 of 3rd period - Snap shot by Kyle Clifford.
16:36 of 3rd period - Shot Blocked by Brian Lee.
16:50 of 3rd period - Slapshot by John Tavares.
16:50 of 3rd period - Shot Misses the Net.
16:59 of 3rd period - Icing by Kyle Clifford.
17:00 of 3rd period - Frederik Gauthier wins face-off versus Evgeny Kuznetsov in Oilers zone.
18:53 of 3rd period - Stars, Matt Murray is pulled from the net.
18:55 of 3rd period - Snap shot by Jonathan Drouin.
18:55 of 3rd period - Shot Misses the Net.
18:57 of 3rd period - Snap shot by Andrej Sustr.
18:57 of 3rd period - Stopped by Mikko Koskinen with a rebound.
18:59 of 3rd period - Backhand shot by Andrej Sustr.
18:59 of 3rd period - Shot Blocked by Marcus Pettersson.
19:34 of 3rd period - Marcus Pettersson is hit by Tobias Rieder and loses puck.
19:51 of 3rd period - Slapshot by Mattias Ekholm.
19:51 of 3rd period - Goal by Mattias Ekholm - Stars : 3 - Oilers : 5.
19:51 of 3rd period - Matt Murray from Stars was sent back in the game.
19:52 of 3rd period - Ryan Nugent-Hopkins wins face-off versus Evgeny Grachev in neutral zone.
Goals for this period are 2 for Stars vs 2 for Oilers.
Shots for this period are 10 for Stars vs 14 for Oilers.